 Dungeon Crawl Stone Soup version 0.22.1-5-g62c59d919a (webtiles) character file.

22300 Peloso the Carver (level 12, 0/110 HPs)
             Began as a Minotaur Fighter on Jan 13, 2019.
             Was the Champion of Okawaru.
             Slain by an unseen horror (5 damage)
             ... on level 13 of the Dungeon.
             The game lasted 00:36:21 (13404 turns).

Peloso the Carver (Minotaur Fighter)               Turns: 13404, Time: 00:36:22

Health: 0/110      AC: 20    Str: 25    XL:     12   Next: 61%
Magic:  11/11      EV:  9    Int:  5    God:    Okawaru [******]
Gold:   978        SH: 13    Dex: 11    Spells: 11/11 levels left

rFire    . . .     SeeInvis .   R - +1 short sword of Niahuom {flame, rElec}
rCold    + + .     Gourm    .   c - +0 shield
rNeg     . . .     Faith    .   T - +2 plate armour {rC+}
rPois    .         Spirit   .   (helmet restricted)
rElec    +         Reflect  .   w - +0 cloak
rCorr    .         Harm     .   (no gloves)
MR       .....                  t - +0 pair of boots
Stlth    ..........             j - amulet of regeneration
HPRegen  0.68/turn              H - ring of protection from cold
MPRegen  0.12/turn              C - ring of stealth

@: studying Air Magic
A: retaliatory headbutt, horns 2
a: Heroism, Finesse, Renounce Religion


You were on level 13 of the Dungeon.
You worshipped Okawaru.
Okawaru was exalted by your worship.
You were not hungry.

You visited 2 branches of the dungeon, and saw 14 of its levels.
You also visited: Labyrinth.

You collected 978 gold pieces.

Inventory:

Hand Weapons
 a - a +0 long sword
 R - the +1 short sword of Niahuom (weapon) {flame, rElec}
   (You found it in a labyrinth)

   It has been specially enchanted to burn those struck by it, causing extra
   injury to most foes and up to half again as much damage against particularly
   susceptible opponents.
   It insulates you from electricity.
 S - the +5 spear "Boihubor" {drain, Str+2, unknown}
   (You found it in a labyrinth)

   A truly terrible weapon, it drains the life of those it strikes.
   It affects your strength (+2).
 V - the +4 arc blade {discharge, rElec}
   (You found it on level 13 of the Dungeon)

   It insulates you from electricity.
Armour
 b - a +0 scale mail
 c - a +0 shield (worn)
 r - a +1 chain mail of fire resistance
 t - a +0 pair of boots (worn)
 w - a +0 cloak (worn)
 N - a +2 chain mail of positive energy
 T - a +2 plate armour of cold resistance (worn)
Jewellery
 g - a +1 ring of evasion
 j - an amulet of regeneration (around neck)
 o - an uncursed ring of magical power
 C - a ring of stealth (right hand)
 H - a ring of protection from cold (left hand)
 J - an uncursed ring of stealth
 Q - a cursed ring of attention {unknown}
Wands
 l - a wand of acid (5)
 p - a wand of random effects (26)
 s - a wand of polymorph (7)
 u - a wand of flame (33)
 F - a wand of scattershot (2)
 I - a wand of disintegration (25)
Scrolls
 d - 4 scrolls of remove curse
 i - 3 scrolls of teleportation
 k - a scroll of identify
 n - 6 scrolls of magic mapping
 x - 3 scrolls of enchant armour
 z - a scroll of fear {unknown}
 A - a scroll of brand weapon {unknown}
 B - a scroll of blinking
 D - a scroll of random uselessness {unknown}
 K - 2 scrolls of enchant weapon {unknown}
 L - a scroll of fog {unknown}
Potions
 e - 3 potions of haste
 h - 2 potions of resistance
 m - 3 potions of curing
 q - 9 potions of flight
 v - 2 potions of brilliance
 M - a potion of magic
Books
 W - a manual of Air Magic
Miscellaneous
 y - a lightning rod (4/4)
 G - a box of beasts
 P - a lightning rod (4/4)
 U - a lightning rod (4/4)
Comestibles
 f - 18 rations


   Skills:
 + Level 11.1 Fighting
 + Level 1.7(8.5) Short Blades
 + Level 13.7(13.8) Long Blades
 + Level 11.8 Armour
 + Level 5.4 Dodging
 + Level 0.8 Stealth
 + Level 13.0 Shields
 + Level 1.3 Invocations
 + Level 0.3 Evocations


You had 11 spell levels left.
You didn't know any spells.
Your spell library contained the following spells:

 Spells                   Type           Power        Failure   Level  Hunger
 Flame Tongue             Conj/Fire      #....        99%         1    ##.....
 Magic Dart               Conj           #...         99%         1    ##.....
 Sandblast                Erth           #.....       99%         1    ##.....
 Passwall                 Tmut/Erth      #.......     100%        2    ###....
 Poisonous Vapours        Pois/Air       #.....       100%        2    ###....
 Searing Ray              Conj           #.....       100%        2    ###....
 Throw Flame              Conj/Fire      #.....       100%        2    ###....
 Conjure Flame            Conj/Fire      #.......     100%        3    ####...
 Dazzling Spray           Conj/Hex       #.....       100%        3    ####...
 Inner Flame              Hex/Fire       #.......     100%        3    ####...
 Mephitic Cloud           Conj/Pois/Air  #.......     100%        3    ####...
 Stone Arrow              Conj/Erth      #.....       100%        3    ####...
 Force Lance              Conj/Tloc      #.......     100%        4    #####..
 Fulminant Prism          Conj/Hex       #.........   100%        4    #####..
 Iskenderun's Mystic Bla  Conj           #.......     100%        4    #####..
 Leda's Liquefaction      Hex/Erth       #.........   100%        4    #####..
 Petrify                  Tmut/Erth      #.......     100%        4    #####..
 Sticky Flame             Conj/Fire      #.......     100%        4    #####..
 Bolt of Magma            Conj/Fire/Erth #.........   100%        5    ######.
 Fireball                 Conj/Fire      #.........   100%        5    ######.
 Iskenderun's Battlesphe  Conj/Chrm      #.......     100%        5    ######.
 Lee's Rapid Deconstruct  Erth           #.........   100%        5    ######.
 Venom Bolt               Conj/Pois      #.........   100%        5    ######.
 Freezing Cloud           Conj/Ice/Air   #.........   100%        6    #######
 Iron Shot                Conj/Erth      #.........   100%        6    #######
 Statue Form              Tmut/Erth      #........    100%        6    #######
 Orb of Destruction       Conj           #.........   100%        7    #######
 Ring of Flames           Chrm/Fire      #.........   100%        7    #######
 Spellforged Servitor     Conj/Summ      #.........   100%        7    #######


Dungeon Overview and Level Annotations

Branches:
Dungeon (13/15)            Temple (1/1) D:6            Lair (0/6) D:11
    Orc (0/2) D:12
 Vaults: D:13-14

Altars:
Ashenzari
Cheibriados
Fedhas
Hepliaklqana
Kikubaaqudgha
Nemelex Xobeh
Okawaru
Qazlal
Ru
Trog
Wu Jian
Zin
The Shining One

Shops:
D:10 %   D:12 (*


Innate Abilities, Weirdness & Mutations

You reflexively headbutt those who attack you in melee.
You have a pair of horns on your head.


Message History

Something hits you but does no damage. Something completely misses you.
Unknown command.
You're too confused to move!
Something hits you.
* * * LOW HITPOINT WARNING * * *
Something hits you.
* * * LOW HITPOINT WARNING * * *
Unknown command.
You feel better.
You feel less invigorated. Something hits you but does no damage.
Something hits you.
* * * LOW HITPOINT WARNING * * *
You block something's attack.
You miss something. Your headbutt misses something.
Something hits you but does no damage. Something hits you.
* * * LOW HITPOINT WARNING * * *
Unknown command.
You closely miss something. Something hits you but does no damage.
Something hits you.
* * * LOW HITPOINT WARNING * * *
Something hits you.
You die...

##.## ##...## ##.....##
##.......## ######
##...###...## #....#
*#...........## #....#**##
#...#.....#...###....#,..#
....#..#..#......{.###...#
#...#.....#...#.@....#...#
##...........##.........#*
###...###...###.........#
.*##.......###..........#
.,*##.....###...........#
.,,*##...###.........####
.,,,*##.###...........#
.,,,,,................#
.,,,,.................#


There were no monsters in sight!

Vanquished Creatures
  A minotaur (Lab)
  A fire dragon (D:10)
  Harold (D:7)
  A hydra (D:13)
  4 two-headed ogres
  A shock serpent (D:13)
  A sixfirhy (D:13)
  An unseen horror (D:13)
  2 deep elf magi (D:12)
  An ugly thing (D:11)
  A manticore (D:9)
  A kobold demonologist (D:12)
  A merfolk (D:10)
  A hornet (D:9)
  3 trolls
  3 raiju (D:13)
  5 hippogriffs
  A meliai zombie (D:12)
  A wyvern (D:9)
  A spriggan (D:10)
  19 yaks
  A wraith (D:10)
  2 hungry ghosts
  A water moccasin (D:10)
  2 sky beasts
  6 orc warriors
  A black bear (D:9)
  A necrophage (D:10)
  2 phantoms
  3 ice beasts
  6 ogres
  10 centaurs
  4 big kobolds
  8 bullfrogs
  A wyvern skeleton (D:12)
  5 scorpions
  15 killer bees
  3 wights (D:6)
  9 howler monkeys
  2 electric eels (D:10)
  3 centaur zombies
  A bullfrog zombie (D:12)
  2 quasits
  4 hounds
  2 jellies
  10 crimson imps
  A centaur skeleton (D:4)
  4 bullfrog skeletons
  6 orc priests
  Terence (D:2)
  3 iguanas
  5 orc wizards
  6 worker ants
  2 hound zombies (D:7)
  A hound skeleton (D:8)
  Robin (D:2)
  4 gnolls (D:5)
  11 adders
  A howler monkey skeleton (D:6)
  3 shadow imps
  An ooze (D:5)
  An adder skeleton (D:4)
  6 worms
  5 dart slugs
  6 leopard geckos
  48 orcs
  5 bats
  7 giant cockroaches
  13 goblins
  11 hobgoblins
  2 jackals (D:8)
  29 kobolds
  2 quokkas
  5 frilled lizards
  2 jackal skeletons
  A leopard gecko skeleton (D:8)
  A quokka skeleton (D:8)
  8 rats
  A plant (Lab)
358 creatures vanquished.

Notes
Turn   | Place    | Note
-------+----------+-------------------------------------------
     0 | D:1      | Peloso the Minotaur Fighter began the quest for the Orb.
     0 | D:1      | Reached XP level 1. HP: 19/19 MP: 0/0
   183 | D:1      | Reached XP level 2. HP: 27/27 MP: 1/1
   910 | D:2      | Noticed Robin
   913 | D:2      | Reached XP level 3. HP: 30/33 MP: 2/2
   929 | D:2      | Killed Robin
   949 | D:2      | Reached skill level 1 in Dodging
  1099 | D:2      | Noticed Terence
  1102 | D:2      | Reached XP level 4. HP: 35/40 MP: 3/3
  1112 | D:2      | Killed Terence
  2191 | D:3      | Reached XP level 5. HP: 46/46 MP: 4/4
  2198 | D:3      | Reached skill level 5 in Armour
  3140 | D:4      | Reached skill level 5 in Shields
  3211 | D:4      | Found a shattered altar of Ashenzari.
  3212 | D:4      | Found a hazy altar of Hepliaklqana.
  3490 | D:4      | Reached XP level 6. HP: 53/53 MP: 5/5
  3527 | D:5      | Entered Level 5 of the Dungeon
  3596 | D:5      | Reached skill level 5 in Long Blades
  3668 | D:5      | Reached XP level 7. HP: 28/60 MP: 6/6
  3687 | D:5      | Reached skill level 5 in Fighting
  4101 | D:5      | Reached XP level 8. HP: 51/70 MP: 7/7
  5431 | D:6      | Found a staircase to the Ecumenical Temple.
  5450 | Temple   | Entered the Ecumenical Temple
  5505 | Temple   | Became a worshipper of Warmaster Okawaru
  6082 | D:7      | Reached XP level 9. HP: 63/78 MP: 8/8
  6174 | D:7      | Reached * piety under Okawaru
  6270 | D:7      | Noticed Harold
  6326 | D:7      | Killed Harold
  6326 | D:7      | Reached ** piety under Okawaru
  6861 | D:8      | Reached skill level 10 in Long Blades
  6987 | D:8      | Reached XP level 10. HP: 55/88 MP: 9/9
  7570 | D:8      | Reached *** piety under Okawaru
  7943 | D:9      | Reached **** piety under Okawaru
  8059 | D:9      | Reached skill level 10 in Shields
  8194 | D:9      | Noticed a manticore
  8210 | D:9      | Killed a manticore
  8256 | D:9      | Reached ***** piety under Okawaru
  8265 | D:9      | Reached XP level 11. HP: 10/97 MP: 10/10
  9019 | D:10     | Entered Level 10 of the Dungeon
  9092 | D:10     | Received a gift from Okawaru
  9690 | D:10     | Reached skill level 10 in Armour
  9920 | D:10     | Noticed a fire dragon
  9972 | D:10     | Killed a fire dragon
  9972 | D:10     | Reached skill level 10 in Fighting
 10095 | D:10     | Found Bepakyum's Food Emporium.
 10686 | D:11     | Noticed a red ugly thing
 10700 | D:11     | Killed a red ugly thing
 10805 | D:11     | Found a staircase to the Lair.
 10888 | D:11     | Noticed a two-headed ogre
 10895 | D:11     | Killed a two-headed ogre
 10895 | D:11     | Reached skill level 5 in Dodging
 11064 | D:11     | Noticed a two-headed ogre
 11081 | D:11     | Killed a two-headed ogre
 11106 | D:11     | Noticed a two-headed ogre
 11115 | D:11     | Killed a two-headed ogre
 11115 | D:11     | Received a gift from Okawaru
 11288 | D:11     | Reached XP level 12. HP: 104/107 MP: 11/11
 11337 | D:11     | Found a sparkling altar of Nemelex Xobeh.
 11453 | D:12     | Found Jacanoor's Demolitions Depot.
 11870 | D:12     | Found Tuggit's Weapon Shoppe.
 11872 | D:12     | Found a staircase to the Orcish Mines.
 11886 | D:12     | Reached skill level 1 in Invocations
 12047 | D:12     | Noticed a two-headed ogre
 12055 | D:12     | Killed a two-headed ogre
 12277 | D:13     | Noticed a two-headed ogre
 12286 | D:13     | Noticed a four-headed hydra
 12296 | D:13     | Found a labyrinth entrance.
 12305 | Lab      | Entered a labyrinth
 12463 | Lab      | Noticed a minotaur
 12480 | Lab      | Killed a minotaur
 12491 | Lab      | Identified the Collected Works on the Mountains
 12493 | Lab      | Got a bloodstained short sword
 12493 | Lab      | Got a twisted spear
 12528 | Lab      | Identified the cursed +1 short sword of Niahuom {flame,
                  | rElec} (You found it in a labyrinth)
 13021 | D:13     | Killed a four-headed hydra
 13174 | D:13     | Reached skill level 1 in Short Blades
 13179 | D:13     | Reached ****** piety under Okawaru
 13281 | D:13     | Found the +4 arc blade {discharge, rElec}
 13400 | D:13     | HP: 5/110 [something (6)]
 13404 | D:13     | Slain by an unseen horror

Skill      XL: |  1  2  3  4  5  6  7  8  9 10 11 12 |
---------------+-------------------------------------+-----
Fighting       | 4 5 6 7 9 10 11 | 11.1
Shields        | 4 5 6 7 9 10 12 13 | 13.0
Armour         | 4 5 6 7 8 9 10 11 | 11.8
Dodging        | 1 2 3 4 5 |  5.4
Long Blades    | 3 4 5 7 8 10 11 13 | 13.7
Invocations    | 1 |  1.3
Short Blades   | 1 |  1.7
Stealth        | |  0.8
Evocations     | |  0.3

Action                   |  1- 3 |  4- 6 |  7- 9 | 10-12 || total
-------------------------+-------+-------+-------+-------++-------
Melee: Long sword        |    95 |   160 |   413 |   777 ||  1445
       Headbutt          |    10 |    43 |    81 |   229 ||   363
       Short sword       |       |       |       |   101 ||   101
Invok: Heroism           |       |       |     1 |     9 ||    10
Evoke: Wand              |       |       |       |     5 ||     5
  Use: Scroll            |       |     3 |     1 |    13 ||    17
       Potion            |       |       |     4 |     6 ||    10
  Eat: Chunk             |     1 |     8 |     7 |    18 ||    34
       Ration            |       |       |     1 |     2 ||     3
Armor: Scale mail        |    11 |       |       |       ||    11
       Chain mail        |    43 |    87 |   219 |   309 ||   658
       Plate armour      |       |       |       |   250 ||   250
Dodge: Dodged            |    24 |    44 |   133 |   308 ||   509
Block: Shield            |    45 |    86 |   276 |   613 ||  1020
       Rpst.: Long sword |     7 |    16 |    40 |    67 ||   130
